 Dungeon Crawl Stone Soup version 0.26-a0-771-g060e6a62af (webtiles) character file.

Game seed: 14461959505904548086

646 Queen the Reanimator (level 7, -2/46 HPs)
             Began as a Mummy Necromancer on Nov 8, 2020.
             Shot with an arrow by a centaur (15 damage)
             ... on level 5 of the Dungeon.
             The game lasted 00:18:30 (5005 turns).

Queen the Reanimator (Mummy Necromancer)            Turns: 5005, Time: 00:18:31

Health: -2/46      AC:  4    Str: 11    XL:     7   Next: 27%
Magic:  12/14      EV: 12    Int: 16    God:
Gold:   250        SH:  0    Dex: 13    Spells: 7/16 levels left

rFire    x . .     SeeInvis .   a - +0 spear
rCold    + . .     Faith    .   (no shield)
rNeg     + + +     Spirit   .   g - +0 robe
rPois    ∞         Reflect  .   o - +0 helmet
rElec    .         Harm     .   (no cloak)
rCorr    .         Rampage  .   d - +0 pair of gloves
MR       .....                  (no boots)
Stlth    ++........             j - amulet of regeneration
HPRegen  0.55/turn              (no ring)
MPRegen  0.14/turn              (no ring)

@: no status effects
A: no potions, fire vulnerability, cold resistance 1, negative energy resistance
3, torment resistance, unbreathing
a: no special abilities


You were on level 5 of the Dungeon.
You visited 2 branches of the dungeon, and saw 6 of its levels.

You collected 250 gold pieces.

Inventory:

Hand Weapons
 a - a +0 spear (weapon)
Armour
 d - a +0 pair of gloves (worn)
 g - a +0 robe (worn)
 o - a +0 helmet (worn)
Jewellery
 f - an uncursed ring of flight {unknown}
 j - an amulet of regeneration (around neck)
Wands
 k - a wand of random effects (22)
 l - a wand of paralysis (3)
Scrolls
 b - 3 scrolls of enchant weapon
 c - 3 scrolls of identify {@r1}
 e - a scroll of remove curse
 h - a scroll of teleportation
 i - a scroll of fear
 m - a scroll of noise {unknown}
 n - a scroll of fog {unknown}


   Skills:
 - Level 1.5 Dodging
 - Level 1.5 Stealth
 - Level 5.0 Spellcasting
 * Level 8.2 Necromancy


You had 7 spell levels left.
You knew the following spells:

 Your Spells              Type           Power        Failure   Level
a - Pain                  Necr           ####         1%          1
b - Animate Skeleton      Necr           ####..       1%          1
c - Vampiric Draining     Necr           ####......   1%          3
d - Animate Dead          Necr           ####......   5%          4

Your spell library contained the following spells:

 Spells                   Type           Power        Failure   Level
 Agony                    Necr           ####....     14%         5


Dungeon Overview and Level Annotations

Branches:
Dungeon (5/15)             Temple (1/1) D:4

Altars:
Ashenzari
Cheibriados
Elyvilon
Gozag
Hepliaklqana
Makhleb
Nemelex Xobeh
Qazlal
Sif Muna
Uskayaw
Vehumet
Xom
Yredelemnul
Zin


Innate Abilities, Weirdness & Mutations

You do not drink.
Your flesh is vulnerable to fire.
You are immune to poison.
Your flesh is cold resistant. (rC+)
You are immune to negative energy. (rN+++)
You are immune to unholy pain and torment.
You can survive without breathing.


Message History

Casting: Pain (safe; 1% risk of failure)
Confirm with . or Enter, or press ? or * to list all spells.
You can't see any susceptible monsters within range! (Use Z to cast anyway.)
Casting: Pain (safe; 1% risk of failure)
Confirm with . or Enter, or press ? or * to list all spells.
Aiming: Pain (safe; 1% risk of failure)
Press: ? - help, Shift-Dir - straight line, f - centaur
Aim: a centaur, wielding a +0 shortbow and quivering 9 arrows (chance to defeat MR: 84%)
The centaur writhes in agony.
The centaur shoots an arrow.
The arrow hits you! The shadow imp hits you.
The centaur shoots an arrow.
The arrow hits you.
* * * LOW HITPOINT WARNING * * *
The leopard gecko skeleton barely misses you.
Casting: Pain (safe; 1% risk of failure)
Confirm with . or Enter, or press ? or * to list all spells.
Aiming: Pain (safe; 1% risk of failure)
Press: ? - help, Shift-Dir - straight line, f/p - centaur
Aim: a centaur, wielding a +0 shortbow and quivering 7 arrows (lightly wounded, chance to defeat MR: 84%)
The centaur writhes in agony!
The shadow imp closely misses you.
The centaur shoots an arrow.
The arrow hits you!
You die...

#.............#
#.............#
......[......#
##.#$.... ...##
##........ ......
#..c#....##[....
........Z...##..#
.......@5<[....#
.###.....#######
#......##
...#....# ..
#...## . #...
#$.. #...


You could see a centaur, a shadow imp and a leopard gecko skeleton.

Vanquished Creatures
  An orc warrior (Temple)
  A howler monkey (D:4)
  A crimson imp (D:4)
  A hound (D:2)
  An orc priest (D:4)
  2 orc wizards (D:4)
  Jessica (D:3)
  Natasha (thrice) (D:2)
  A hound skeleton (D:4)
  6 gnolls
  5 adders
  4 worms
  4 dart slugs
  A leopard gecko (D:2)
  11 orcs
  7 bats
  5 giant cockroaches
  2 gnoll zombies (D:4)
  9 goblins
  8 hobgoblins
  3 quokkas
  A ball python (D:2)
  4 frilled lizards
  7 kobolds
  7 rats
96 creatures vanquished.

Vanquished Creatures (collateral kills)
  An orc wizard (D:4)
  An adder (D:3)
  An ooze (D:1)
3 creatures vanquished.

Vanquished Creatures (others)
  3 plants (D:1)
3 creatures vanquished.

Grand Total: 102 creatures vanquished

Notes
Turn   | Place    | Note
-------+----------+-------------------------------------------
     0 | D:1      | Queen the Mummy Necromancer began the quest for the Orb.
     0 | D:1      | Reached XP level 1. HP: 13/13 MP: 4/4
   298 | D:1      | Reached XP level 2. HP: 19/19 MP: 1/6
   432 | D:1      | Learned a level 1 spell: Animate Skeleton
   856 | D:2      | Found a snail-covered altar of Cheibriados.
   860 | D:2      | Reached XP level 3. HP: 24/24 MP: 2/7
  1116 | D:2      | Reached skill level 5 in Necromancy
  1418 | D:2      | Reached XP level 4. HP: 30/30 MP: 6/9
  1843 | D:2      | Noticed Natasha
  1851 | D:2      | Killed Natasha
  2033 | D:2      | Noticed Natasha
  2042 | D:2      | Killed Natasha
  2042 | D:2      | Reached XP level 5. HP: 25/35 MP: 5/11
  2139 | D:2      | Learned a level 3 spell: Vampiric Draining
  2172 | D:2      | Reached skill level 6 in Necromancy
  2246 | D:2      | Found a shimmering blue altar of Sif Muna.
  2377 | D:2      | Noticed Natasha
  2380 | D:2      | Killed Natasha
  2603 | D:3      | Learned a level 4 spell: Animate Dead
  2986 | D:3      | Found a sparkling altar of Nemelex Xobeh.
  2986 | D:3      | Noticed Jessica
  2988 | D:3      | Killed Jessica
  2988 | D:3      | Reached skill level 5 in Spellcasting
  2988 | D:3      | Reached XP level 6. HP: 41/41 MP: 10/13
  3459 | D:4      | Found a staircase to the Ecumenical Temple.
  3576 | D:4      | Found a basalt altar of Yredelemnul.
  3670 | D:4      | Noticed an orc warrior
  3698 | Temple   | Entered the Ecumenical Temple
  3785 | Temple   | Killed an orc warrior
  3785 | Temple   | Reached skill level 7 in Necromancy
  4294 | D:4      | Found a burning altar of Makhleb.
  4329 | D:4      | Reached XP level 7. HP: 41/46 MP: 1/14
  4832 | D:5      | Entered Level 5 of the Dungeon
  4882 | D:5      | Reached skill level 8 in Necromancy
  5005 | D:5      | Shot with an arrow by a centaur

Illustrated notes

Levels and vault maps discovered:
D:1:      dpeg_arrival_circle_labyrinth_a, layout_basic, serial_forest,
          infiniplex_forest_end_1, infiniplex_forest_clump_curved,
          infiniplex_forest_clump_tiny, infiniplex_forest_clump_diagonal,
          infiniplex_forest_straight_4, infiniplex_forest_lined_room_,
          infiniplex_forest_end_2, infiniplex_forest_3_way,
          infiniplex_forest_clump_diagonal, infiniplex_forest_clump_tiny
D:2:      layout_loops_corners, kennysheep_slug_shrine, led_sif_pool,
          uniq_natasha
D:3:      layout_rooms, chequers_serial_rivers_room_a,
          nemelex_lonely_heart_becter
D:4:      layout_loops_ring, makhleb_grotto_becter,
          lemuel_zombie_altar_yredelemnul, minmay_temple_entry_junction,
          minmay_misc_feat_roman, guppyfry_early_orc_mine
D:5:      minmay_razor_zed, layout_rooms, marbit_many_paths
Temple:   eino_wide_crystal_templ

Skill      XL: |  1  2  3  4  5  6  7 |
---------------+----------------------+-----
Spellcasting   | 3 4 5 |  5.0
Necromancy     | 5 6 7 8 |  8.2
Dodging        | |  1.5
Stealth        | |  1.5

Action                   |  1- 3 |  4- 6 |  7- 9 || total
-------------------------+-------+-------+-------++-------
Melee: Spear             |       |    28 |   379 ||   407
 Cast: Pain              |    63 |   142 |     4 ||   209
       Animate Skeleton  |     2 |     6 |     1 ||     9
       Vampiric Draining |       |    11 |     4 ||    15
       Animate Dead      |       |     5 |     1 ||     6
  Use: Scroll            |       |     6 |       ||     6
 Stab: Sleeping          |       |     1 |       ||     1
Armor: Robe              |       |     5 |    91 ||    96
Dodge: Dodged            |     9 |    35 |   169 ||   213

Table legend: (Time is in decaauts)
 A = Elapsed time spent in this place.
 B = Non-inter-level travel time spent in this place.
 C = Inter-level travel time spent in this place.
 D = Time resting spent in this place.
 E = Time spent auto-exploring this place.
 F = Levels seen in this place.
 G = Mean time per level.
                   A        B        C        D        E       F      G
               +--------+--------+--------+--------+--------+-----+--------+
         Total |   5140 |   5031 |    109 |   1484 |   2313 |   6 |  856.7 |
       Dungeon |   4958 |   4858 |    100 |   1394 |   2273 |   5 |  991.6 |
        Temple |    182 |    173 |      9 |     90 |     40 |   1 |  182.0 |
               +--------+--------+--------+--------+--------+-----+--------+

Top non-repeatable levels by time:
     D:2: 1626 daAuts
     D:4: 1603 daAuts
     D:1: 919 daAuts
     D:3: 792 daAuts
  Temple: 182 daAuts
     D:5: 16 daAuts
